 Dungeon Crawl Stone Soup version 0.24-a0-25-g8489be9 (webtiles) character file.

Game seed: 10278024011850641765

2573 Dantiko the Grappler (level 9, -14/71 HPs)
             Began as a Centaur Fighter on Feb 2, 2019.
             Demolished by Prince Ribbit (17 damage)
             ... on level 5 of the Dungeon.
             The game lasted 00:31:40 (7968 turns).

Dantiko the Grappler (Centaur Fighter)              Turns: 7968, Time: 00:31:40

Health: -14/71     AC:  7    Str: 20    XL:     9   Next: 32%
Magic:  9/9        EV:  8    Int:  7    God:
Gold:   154        SH:  9    Dex: 11    Spells: 8/8 levels left

rFire    + . .     SeeInvis .     - Unarmed
rCold    . . .     Gourm    .   b - +0 shield
rNeg     . . .     Faith    .   h - +2 ring mail {rF+}
rPois    .         Spirit   .   (no helmet)
rElec    .         Reflect  .   (no cloak)
rCorr    .         Harm     .   (no gloves)
MR       .....                  (no barding)
Stlth    ..........             (no amulet)
HPRegen  0.21/turn              (no ring)
MPRegen  0.11/turn              (no ring)

@: very quick
A: large, hooves 3, deformed body, speed 2, tough skin 3
a: no special abilities


You were on level 5 of the Dungeon.
You were hungry.

You visited 1 branch of the dungeon, and saw 7 of its levels.
You also visited: Sewer.

You collected 322 gold pieces.
You spent 168 gold pieces at shops.

Inventory:

Hand Weapons
 a - a +0 shortbow
Missiles
 j - 99 arrows
Armour
 b - a +0 shield (worn)
 h - a +2 ring mail of fire resistance (worn)
Wands
 w - a wand of paralysis (6)
 y - a wand of polymorph (9)
 D - a wand of flame (15)
Scrolls
 e - 10 scrolls of identify
 f - 2 scrolls of enchant armour {unknown}
 g - 2 scrolls of noise {unknown}
 i - a scroll of random uselessness {unknown}
 k - 3 scrolls of amnesia {unknown}
 l - 2 scrolls of fog {unknown}
 o - 4 scrolls of magic mapping
 p - 5 scrolls of enchant weapon
 v - a scroll of vulnerability {unknown}
 x - a scroll of teleportation {unknown}
 A - a scroll of immolation {unknown}
 C - 2 scrolls of blinking {unknown}
 F - a scroll of remove curse
Potions
 c - 3 potions of might
 m - 2 potions of agility
 n - a potion of mutation {unknown}
 q - 2 potions of degeneration {unknown}
 r - a potion of resistance {unknown}
 s - a potion of curing
 t - a potion of lignification {unknown}
 u - a potion of heal wounds {unknown}
 z - a potion of brilliance {unknown}
 B - 2 potions of flight {unknown}
Comestibles
 d - 14 rations


   Skills:
 - Level 4.0 Fighting
 - Level 7.5 Bows
 - Level 2.1 Armour
 - Level 3.3 Dodging
 - Level 4.2 Shields
 * Level 8.8 Unarmed Combat


You had 8 spell levels left.
You didn't know any spells.
Your spell library contained the following spells:

 Spells                   Type           Power        Failure   Level  Hunger
 Animate Skeleton         Necr           N/A          91%         1    ##.....
 Apportation              Tloc           #.....       91%         1    ##.....
 Beastly Appendage        Tmut           #.....       91%         1    ##.....
 Confusing Touch          Hex            #.....       91%         1    ##.....
 Summon Small Mammal      Summ           #...         91%         1    ##.....
 Sticks to Snakes         Tmut           #.......     97%         2    ###....
 Confuse                  Hex            #.......     100%        3    ####...
 Gell's Gravitas          Tloc           #.........   100%        3    ####...
 Spider Form              Tmut/Pois      #.........   100%        3    ####...
 Ice Form                 Ice/Tmut       #.......     100%        4    #####..
 Petrify                  Tmut/Erth      #.......     100%        4    #####..
 Blade Hands              Tmut           #.........   100%        5    ######.
 Metabolic Englaciation   Hex/Ice        #.........   100%        5    ######.
 Yara's Violent Unravell  Hex/Tmut       #.........   100%        5    ######.


Dungeon Overview and Level Annotations

Branches:
Dungeon (7/15)
 Temple: D:4-7

Altars:
Ashenzari
Cheibriados
Hepliaklqana
Trog
Vehumet
Yredelemnul

Shops:
D:4 (?:%

Annotations:
D:5 Prince Ribbit
D:7 Harold


Innate Abilities, Weirdness & Mutations

You have hooves in place of feet.
Armour fits poorly on your strangely shaped body.
You cover ground very quickly.
You have extremely tough skin. (AC +3)


Message History

You feel sick.
Prince Ribbit lets out a mournful croak.
Prince Ribbit hits you!
* * * LOW HITPOINT WARNING * * *
Prince Ribbit barely misses you.
You feel sick.
Prince Ribbit blinks!
Prince Ribbit blinks!
You feel sick.
You are no longer poisoned.
Prince Ribbit hops awkwardly around.
Prince Ribbit lets out a mournful croak.
Prince Ribbit catches a mosquito with his tongue.
There is a stone staircase leading up here.
Prince Ribbit hits you!
* * * LOW HITPOINT WARNING * * *
You climb upwards.
There is a stone staircase leading down here.
Unknown command.
Prince Ribbit hits you!
You die...

#......#....#.........#.......#..
#.<....#..###......)..####...###.
.....###..#####+##.......#...####
.....#...........#.......'....#..
.....#...........#.......#....#..
.....#...........'[......#....'..
.....#....##...###)......#...##..
.....#....##...#>F....####...####
....)#.....#...#@.....#..........
.....'.....#...#......#..........
.....#.....#...#......#..........
.....#######...#......##'###'####
##........#########..............
.'........# #..............
.#........# #..............
.#........# #..............
.#........# #.............)


You could see Prince Ribbit.

Vanquished Creatures
  Sigmund (D:2)
  Duvessa (D:4)
  An orc warrior (D:6)
  Purgy (Sewer)
  2 sky beasts
  A black bear (D:6)
  3 ogres
  A phantom (D:6)
  A necrophage (D:6)
  A centaur (D:5)
  A gnoll sergeant (D:5)
  2 bullfrogs (D:6)
  Dowan (D:4)
  A water moccasin skeleton (D:6)
  2 crimson imps (D:6)
  A quasit (D:5)
  4 hounds
  3 orc priests
  2 jellies
  A bullfrog skeleton (D:4)
  A centaur skeleton (D:5)
  6 orc wizards
  Terence (D:2)
  5 worker ants
  Robin (D:4)
  10 gnolls
  10 adders
  A river rat (D:4)
  2 shadow imps (D:6)
  2 adder zombies
  A worm (D:3)
  17 orcs
  4 giant cockroaches
  17 goblins
  5 hobgoblins
  7 jackals
  9 kobolds
  A quokka (D:6)
  4 bats
  6 frilled lizards
  A jackal skeleton (D:6)
  A leopard gecko zombie (D:6)
  6 rats
149 creatures vanquished.

Notes
Turn   | Place    | Note
-------+----------+-------------------------------------------
     0 | D:1      | Dantiko the Centaur Fighter began the quest for the Orb.
     0 | D:1      | Reached XP level 1. HP: 19/19 MP: 1/1
    70 | D:1      | Found a shattered altar of Ashenzari.
   226 | D:1      | Reached XP level 2. HP: 26/26 MP: 2/2
   392 | D:1      | Reached skill level 3 in Unarmed Combat
   692 | D:2      | Noticed Sigmund
  1041 | D:2      | Killed Sigmund
  1041 | D:2      | Reached skill level 5 in Unarmed Combat
  1041 | D:2      | Reached XP level 3. HP: 5/31 MP: 3/3
  1041 | D:2      | Reached XP level 4. HP: 6/38 MP: 4/4
  1041 | D:2      | Reached XP level 5. HP: 7/45 MP: 5/5
  1317 | D:2      | Noticed Terence
  1331 | D:2      | Killed Terence
  1331 | D:2      | Reached skill level 6 in Unarmed Combat
  1845 | D:3      | Noticed a sky beast
  1848 | D:3      | Found a basalt altar of Yredelemnul.
  2124 | D:3      | Killed a sky beast
  2124 | D:3      | Reached skill level 1 in Dodging
  2124 | D:3      | Reached XP level 6. HP: 29/51 MP: 6/6
  2395 | D:3      | Found a hazy altar of Hepliaklqana.
  2762 | D:4      | Found Urosox's Magic Scroll Boutique.
  2864 | D:4      | Found Onouhaq's Antique Weapon Shoppe.
  2905 | D:4      | Noticed Duvessa
  2913 | D:4      | Noticed Dowan
  2922 | D:4      | Killed Duvessa
  2937 | D:4      | Killed Dowan
  2937 | D:4      | Reached XP level 7. HP: 29/59 MP: 7/7
  2982 | D:4      | HP: 2/59 [poisoned by Dowan]
  3078 | D:4      | Found a glowing drain.
  3082 | Sewer    | Entered a sewer
  3390 | Sewer    | Noticed Purgy
  3415 | Sewer    | Killed Purgy
  3765 | D:4      | Bought a scroll of remove curse for 36 gold pieces
  3765 | D:4      | Bought a scroll of enchant weapon for 90 gold pieces
  3765 | D:4      | Bought a scroll of magic mapping for 42 gold pieces
  3815 | D:4      | Found a bloodstained altar of Trog.
  3818 | D:4      | Found a shattered altar of Ashenzari.
  3821 | D:4      | Found a radiant altar of Vehumet.
  3824 | D:4      | Found a snail-covered altar of Cheibriados.
  3835 | D:4      | Noticed Robin
  3867 | D:4      | Killed Robin
  4025 | D:4      | Found Tijorgh's Book Shop.
  4126 | D:4      | Found Ehad's Food Boutique.
  4452 | D:5      | Entered Level 5 of the Dungeon
  4800 | D:5      | Reached XP level 8. HP: 61/66 MP: 8/8
  4892 | D:5      | Reached skill level 7 in Unarmed Combat
  4980 | D:5      | Reached skill level 1 in Bows
  5548 | D:6      | Reached skill level 5 in Bows
  6423 | D:6      | Reached XP level 9. HP: 42/71 MP: 9/9
  7067 | D:6      | Reached skill level 8 in Unarmed Combat
  7605 | D:7      | Noticed Harold
  7621 | D:7      | Noticed Prince Ribbit
  7966 | D:6      | HP: 3/71 [Prince Ribbit (13)]
  7968 | D:5      | Demolished by Prince Ribbit

Vault maps used:
D:1:      lightli_iron_boxes, ashenzari_altar_1
D:2:      kennysheep_generic_room_12, uniq_sigmund, uniq_terence
D:3:      lemuel_coloured_pillars_altar, nicolae_overflow_crystal_walls,
          first_ration, dk_noncrumbling_2, minmay_misc_feat_hallway,
          minmay_statues_item
D:4:      grunt_temple_overflow_cloverleaf, serial_shops,
          nicolae_shop_waterfront, shop, shop, kennysheep_little_box,
          gup_sewer_entry_bowl, uniq_robin, uniq_duvessa
D:5:      minmay_temple_entry_from_below_b
D:7:      minmay_mini_ossuary, uniq_prince_ribbit1, uniq_harold
Sewer:    kennysheep_door_sewer

Skill      XL: |  1  2  3  4  5  6  7  8  9 |
---------------+----------------------------+-----
Unarmed Combat | 5 6 7 8 |  8.8
Dodging        | 1 2 3 |  3.3
Fighting       | 4 |  4.0
Shields        | 4 |  4.2
Bows           | 7 |  7.5
Armour         | |  2.1

Action                   |  1- 3 |  4- 6 |  7- 9 || total
-------------------------+-------+-------+-------++-------
Melee: Unarmed           |    68 |   124 |   406 ||   598
       Kick              |    10 |    28 |   102 ||   140
  Use: Scroll            |       |     1 |     2 ||     3
  Eat: Chunk             |       |     5 |    10 ||    15
       Ration            |       |       |     1 ||     1
Armor: Scale mail        |    25 |     9 |       ||    34
       Ring mail         |       |    23 |   138 ||   161
Dodge: Dodged            |    11 |    16 |   121 ||   148
Block: Shield            |    22 |    41 |   151 ||   214

Table legend:
 A = Non-vault XP
 B = Vault XP
 C = Vault XP percentage of total XP
 D = Non-vault monster count
 E = Vault monster count
 F = Vault count percentage of total count
                 A         B        C        D         E       F
            +---------+---------+-------+---------+---------+-------
      Total |    2964 |     713 |  19.4 |     121 |      28 |  18.8
            +---------+---------+-------+---------+---------+-------
        D:1 |      30 |       0 |   0.0 |      10 |       0 |   0.0
        D:2 |      46 |     268 |  85.4 |      14 |       3 |  17.6
        D:3 |     163 |       0 |   0.0 |      17 |       0 |   0.0
        D:4 |     266 |     280 |  51.3 |       8 |      19 |  70.4
        D:5 |     755 |       0 |   0.0 |      27 |       0 |   0.0
        D:6 |    1586 |       0 |   0.0 |      43 |       0 |   0.0
        D:7 |     118 |       0 |   0.0 |       2 |       0 |   0.0
      Sewer |       0 |     165 | 100.0 |       0 |       6 | 100.0
            +---------+---------+-------+---------+---------+-------
